 Dungeon Crawl Stone Soup version 0.28.0-53-g5a82cb258f (webtiles) character file.

Game seed: 14490145703760560122

16276 safid the Destroyer (level 12, 0/80 HPs)
             Began as a Gargoyle Earth Elementalist on Sept 1, 2022.
             Was a High Priest of Vehumet.
             Slain by a fire elemental (4 damage)
             ... summoned by a deep elf pyromancer
             ... on level 1 of the Orcish Mines.
             The game lasted 00:32:12 (18730 turns).

safid the Destroyer (Gargoyle Earth Elementalist)  Turns: 18730, Time: 00:32:13

Health: 0/80       AC: 14    Str: 14    XL:     12   Next: 35%
Magic:  12/26      EV: 12    Int: 21    God:    Vehumet [*****.]
Gold:   727        SH:  0    Dex: 10    Spells: 23/32 levels left

rFire   + . .      SeeInvis .   p - +4 long sword (drain)
rCold   + . .      Faith    .   (no shield)
rNeg    + + .      Spirit   .   v - +1 robe of the New World {Contam Will++ Str+2} rPois โˆž Reflect .
                                H - +1 helmet
rElec   +          Harm     .   i - +0 cloak
rCorr   +          Rampage  .   (no gloves)
Will    ++...                   (no boots)
Stlth   ++........              (no amulet)
HPRegen 0.23/turn               k - +4 ring of slaying
MPRegen 0.20/turn               o - ring of positive energy

@: about to teleport, resistant
A: sickness immunity, AC +8, negative energy resistance 1, electricity
resistance, torment resistance 1, petrification resistance
a: Renounce Religion


You were on level 1 of the Orcish Mines.
You worshipped Vehumet.
Vehumet was extremely pleased with you.
You visited 2 branches of the dungeon, and saw 12 of its levels.
You also visited: Sewer and Ossuary.

You collected 970 gold pieces.
You spent 243 gold pieces at shops.

Inventory:

Hand Weapons
 p - a +4 long sword of draining (weapon)
Missiles
 c - 144 stones
 C - 5 javelins
Armour
 i - a +0 cloak (worn)
 v - the +1 robe of the New World (worn) {Contam Will++ Str+2}
   (You found it on level 5 of the Dungeon)

   Str:       It affects your strength (+2).
   Contam:    It causes magical contamination when unequipped.
   Will:      It greatly increases your willpower.
 H - a +1 helmet (worn)
Jewellery
 k - a +4 ring of slaying (left hand)
 o - a ring of positive energy (right hand)
Wands
 a - a wand of paralysis (7)
 g - a wand of polymorph (13)
 m - a wand of flame (25)
 r - a wand of mindburst (14)
 x - a wand of charming (17)
Scrolls
 l - a scroll of amnesia
 n - 4 scrolls of teleportation
 u - 2 scrolls of magic mapping
 w - 3 scrolls of blinking
 y - a scroll of enchant armour
 F - a scroll of enchant weapon
 G - a scroll of identify
Potions
 b - a potion of flight
 d - 3 potions of haste
 e - 14 potions of curing
 f - a potion of berserk rage
 j - 2 potions of lignification
 q - 2 potions of ambrosia
 s - a potion of attraction {unknown}
 t - a potion of brilliance {unknown}
 z - 3 potions of magic
 A - 4 potions of mutation
 B - a potion of cancellation {unknown}
 D - 2 potions of resistance
 E - a potion of might {unknown}


   Skills:
 + Level 11.0 Fighting
 - Level 2.0 Dodging
 - Level 2.1 Stealth
 + Level 10.7 Spellcasting
 + Level 11.1 Conjurations
 - Level 1.0 Transmutations
 - Level 10.0 Earth Magic


You had 23 spell levels left.
You knew the following spells:

 Your Spells              Type           Power      Damage    Failure   Level
a - Sandblast             Erth           100%       2d20      1%          1
b - Stone Arrow           Conj/Erth      100%       3d13      1%          3
c - Lee's Rapid Deconstr  Erth           26%        3d15*     1%          5

Your spell library contained the following spells:

 Spells                   Type           Power      Damage    Failure   Level
 Passwall                 Tmut/Erth      28%        N/A       1%          2
 Hailstorm                Conj/Ice       34%        3d9       1%          4
 Poisonous Vapours        Pois/Air       22%        N/A       2%          2
 Sting                    Tmut/Pois      52%        1d5       4%          1
 Lightning Bolt           Conj/Air       17%        1d31      4%          5
 Frozen Ramparts          Ice            22%        1d4       5%          3
 Inner Flame              Hex/Fire       11%        N/A       5%          3
 Slow                     Hex            44%        N/A       6%          1
 Petrify                  Tmut/Erth      34%        N/A       6%          4
 Airstrike                Air            5%         N/A       16%         4
 Olgreb's Toxic Radiance  Pois           11%        N/A       16%         4
 Confusing Touch          Hex            11%        N/A       19%         3
 Vampiric Draining        Necr           11%        2d6       19%         3
 Ice Form                 Ice/Tmut       13%        N/A       43%         4
 Cause Fear               Hex            5%         N/A       52%         4
 Summon Ice Beast         Ice/Summ       11%        N/A       52%         4
 Summon Lightning Spire   Summ/Air       11%        N/A       52%         4
 Simulacrum               Ice/Necr       5%         N/A       100%        6
 Discord                  Hex            5%         N/A       100%        8


Dungeon Overview and Level Annotations

Branches:
Dungeon (10/15)            Temple (0/1) D:6            Lair (0/6) D:10
    Orc (2/2) D:10            Elf (0/3) Orc:2         Sewer (visited)
Ossuary (visited)

Altars:
Cheibriados
Qazlal
Ru
Sif Muna
Uskayaw
Vehumet
Beogh

Shops:
D:6 ?   D:9 *(

Annotations:
D:3 1 runed translucent door, Crazy Yiuf
Orc:1 1 runed translucent door, Ciata's ghost, journeyman MiBe


Innate Abilities, Weirdness & Mutations

You are immune to sickness and miasma.
Your stone body is resilient. (AC +8)
You are immune to poison.
You resist negative energy. (rN+)
You are resistant to electric shocks. (rElec)
You are resistant to unholy torment.
You are immune to petrification.


Message History

The warg closely misses you.
The deep elf pyromancer mumbles some strange words.
The deep elf pyromancer blinks!
The warg bites you! The warg bites you. The fire elemental closely misses you.
The fire elemental hits you. The fire elemental burns you!
* * * LOW HITPOINT WARNING * * *
You feel much better. The fire elemental hits you.
The fire elemental burns you! The fire elemental hits you.
The fire elemental burns you!
* * * LOW HITPOINT WARNING * * *
Okay, then.
You feel protected. The fire elemental hits you. The fire elemental burns you!
You resist.
* * * LOW HITPOINT WARNING * * *
Casting: Stone Arrow (safe; 1% risk of failure)
Confirm with . or Enter, or press ? or * to list all spells.
Aiming: Stone Arrow (safe; 1% risk of failure)
Press: ? - help, Shift-Dir - straight line, f - fire elemental
Aim: a fire elemental (summoned, 72% to hit)
The stone arrow hits the fire elemental!!
The fire elemental is heavily damaged.
The fire elemental hits you. The fire elemental burns you! You resist.
* * * LOW HITPOINT WARNING * * *
The deep elf pyromancer gestures wildly while chanting.
The deep elf pyromancer blinks!
The warg is engulfed in blazing flames.
The fire elemental hits you. The fire elemental burns you! You resist.
* * * LOW HITPOINT WARNING * * *
You feel better.
The warg is engulfed in blazing flames.
The fire elemental hits you. The fire elemental burns you! You resist.
* * * LOW HITPOINT WARNING * * *
The deep elf pyromancer gestures at you while chanting.
The bolt of fire misses the fire elemental.
The bolt of fire hits you! You resist.
* * * LOW HITPOINT WARNING * * *
As you read the scroll of teleportation, it crumbles to dust.
You feel strangely unstable. The fire elemental hits you.
The fire elemental burns you! You resist.
You die...

......................
#.............#.....#.
...#...#.#....#.#..#.##
..........#.......#...#
...........##.........##
...#........#..........#
.............#.#.......# ###
.......................##..##
........>.......@h....#.....#
.........)..)....E.........#
..................โ—‹......#
......#............โ—‹)).###
.........#.........o.e.#.##
.....................e....###
.....#..##...#########T#..#.##
..........#.## ##.ยง....#
.....##....## #...#.##


You could see a deep elf archer (repels missiles), a deep elf pyromancer, a
troll, a fire elemental (summoned), a warg and an orc.

Vanquished Creatures
  Gastronok (D:8)
  A hydra (D:10)
  2 two-headed ogres
  An orc high priest (Orc:2)
  Nergalle (D:10)
  Sonja (D:10)
  2 orc knights (Orc:2)
  A deep elf pyromancer (D:10)
  A cyclops (Orc:2)
  Maggie (D:7)
  Psyche (D:8)
  A troll (Orc:2)
  2 hornets
  Grinder (D:4)
  A wraith (D:9)
  A wyvern (D:5)
  Eustachio (D:5)
  5 yaks
  A steam dragon (D:5)
  Grum (D:8)
  Edmund (D:4)
  3 wargs
  Duvessa (D:4)
  A water moccasin (D:9)
  A necrophage (D:8)
  A swamp drake (D:10)
  3 sky beasts
  20 orc warriors
  An ice beast (D:6)
  2 wolves (D:8)
  6 ogres
  5 centaurs
  A phantom (D:5)
  An elf zombie (Ossuary)
  5 kobold brigands
  A wyvern zombie (D:7)
  3 scorpions
  A bullfrog (D:7)
  3 water moccasin skeletons
  Dowan (D:4)
  3 killer bees (D:9)
  3 howler monkeys (D:8)
  3 jellies
  5 centaur zombies
  2 hounds (D:6)
  A bullfrog skeleton (D:6)
  2 gnoll shamans (D:9)
  2 human zombies (Ossuary)
  21 orc priests
  An iguana (D:6)
  Ijyb (D:4)
  18 orc wizards
  2 killer bee zombies
  2 hound zombies (Ossuary)
  3 mummies (Ossuary)
  A howler monkey zombie (D:9)
  9 gnolls
  2 howler monkey skeletons
  6 adders
  4 white imps
  An ufetubus (D:6)
  6 adder zombies (Ossuary)
  2 worms
  2 dart slugs
  65 orcs
  9 endoplasms
  3 giant cockroaches
  A gnoll zombie (Ossuary)
  9 goblins
  7 hobgoblins
  4 jackals (D:4)
  18 kobolds
  4 quokkas
  6 ball pythons
  6 bats
  8 frilled lizards
  3 goblin zombies (Ossuary)
  2 hobgoblin zombies (Ossuary)
  2 jackal zombies (Ossuary)
  2 kobold zombies (Ossuary)
  4 orc zombies (Ossuary)
  4 quokka zombies (Ossuary)
  10 rats
  3 rat zombies (Ossuary)
360 creatures vanquished.

Vanquished Creatures (others)
  2 orcs (D:10)
  2 plants (D:6)
4 creatures vanquished.

Grand Total: 364 creatures vanquished

Notes
Turn   | Place    | Note
-------+----------+-------------------------------------------
     0 | D:1      | safid the Gargoyle Earth Elementalist began the quest for
                  | the Orb.
     0 | D:1      | Reached XP level 1. HP: 10/10 MP: 3/3
   450 | D:1      | Reached skill level 1 in Transmutations
   450 | D:1      | Reached XP level 2. HP: 6/16 MP: 0/5
  1316 | D:1      | Reached skill level 1 in Fighting
  1503 | D:1      | Reached XP level 3. HP: 20/20 MP: 6/6
  2173 | D:2      | Found a faded altar of an unknown god.
  3266 | D:3      | Reached XP level 4. HP: 22/26 MP: 7/7
  3772 | D:3      | Found a hide-covered altar of Uskayaw.
  4381 | D:3      | Found a runed translucent door.
  4382 | D:3      | Noticed Crazy Yiuf
  4414 | D:4      | Noticed Grinder
  4421 | D:4      | Paralysed by Grinder for 3 turns
  4425 | D:4      | Killed Grinder
  4426 | D:4      | Reached skill level 5 in Earth Magic
  4426 | D:4      | Reached XP level 5. HP: 30/32 MP: 1/10
  4426 | D:4      | Reached XP level 6. HP: 35/37 MP: 1/11
  4538 | D:4      | Noticed Edmund
  4561 | D:4      | Killed Edmund
  5086 | D:4      | Noticed Duvessa
  5086 | D:4      | Noticed Dowan
  5095 | D:4      | Killed Duvessa
  5096 | D:4      | Reached XP level 7. HP: 9/43 MP: 6/13
  5097 | D:4      | Killed Dowan
  5383 | D:4      | Learned a level 3 spell: Stone Arrow
  5467 | D:4      | Found a faded altar of an unknown god.
  5467 | D:4      | Found a faded altar of an unknown god.
  5507 | D:4      | Found a radiant altar of Vehumet.
  5509 | D:4      | Found a stormy altar of Qazlal.
  5511 | D:4      | Found a snail-covered altar of Cheibriados.
  5581 | D:4      | Became a worshipper of Vehumet
  5806 | D:4      | Noticed Ijyb
  5816 | D:4      | Killed Ijyb
  6159 | D:5      | Entered Level 5 of the Dungeon
  6290 | D:5      | Reached skill level 5 in Fighting
  6389 | D:5      | Reached XP level 8. HP: 20/49 MP: 10/15
  6702 | D:5      | Noticed Eustachio
  6712 | D:5      | Killed Eustachio
  6713 | D:5      | Reached skill level 5 in Spellcasting
  6770 | D:5      | Identified the +1 robe of the New World {Contam Will++
                  | Str+2}
  6817 | D:5      | Noticed a wyvern
  6826 | D:5      | Killed a wyvern
  7471 | D:6      | Reached * piety under Vehumet
  7471 | D:6      | Offered knowledge of Shock by Vehumet.
  7511 | D:6      | Found a glowing drain.
  7521 | D:6      | Reached XP level 9. HP: 51/57 MP: 13/18
  7527 | Sewer    | Entered a sewer
  7850 | D:6      | Found a sand-covered staircase.
  7855 | Ossuary  | Entered an ossuary
  8179 | Ossuary  | Reached ** piety under Vehumet
  8328 | Ossuary  | Offered knowledge of Magic Dart by Vehumet.
  8557 | D:6      | Found a staircase to the Ecumenical Temple.
  8690 | D:6      | Found Quriseuf's Magic Scroll Emporium.
  8701 | D:6      | Bought a scroll of identify for 28 gold pieces
  8701 | D:6      | Bought a scroll of identify for 28 gold pieces
  8701 | D:6      | Bought a scroll of blinking for 105 gold pieces
  8701 | D:6      | Bought a scroll of teleportation for 42 gold pieces
  8701 | D:6      | Bought a scroll of noise for 14 gold pieces
  9421 | D:7      | Reached skill level 1 in Conjurations
  9442 | D:7      | Noticed Maggie
  9450 | D:7      | Killed Maggie
  9571 | D:7      | Offered knowledge of Searing Ray by Vehumet.
  9808 | D:7      | Reached skill level 5 in Conjurations
  9879 | D:7      | Found a sacrificial altar of Ru.
  9946 | D:7      | Reached *** piety under Vehumet
  9976 | D:7      | Reached XP level 10. HP: 64/64 MP: 22/22
 10053 | D:7      | Found a shimmering blue altar of Sif Muna.
 10788 | D:8      | Noticed Psyche
 10791 | D:8      | Killed Psyche
 11036 | D:8      | Noticed Gastronok
 11049 | D:8      | Killed Gastronok
 11486 | D:8      | Noticed Grum
 11489 | D:8      | Killed Grum
 11681 | D:8      | Offered knowledge of Ignite Poison by Vehumet.
 12541 | D:9      | Found Kuga's Weapon Shop.
 12617 | D:9      | Reached **** piety under Vehumet
 12919 | D:9      | Noticed a two-headed ogre
 12926 | D:9      | Killed a two-headed ogre
 12927 | D:9      | Reached XP level 11. HP: 16/71 MP: 7/23
 13226 | D:9      | Offered knowledge of Freezing Cloud by Vehumet.
 13394 | D:9      | Found Qeogiu Qihat's General Store.
 13402 | D:9      | Bought a scroll of identify for 26 gold pieces
 13623 | D:10     | Entered Level 10 of the Dungeon
 14056 | D:10     | Found a staircase to the Lair.
 14061 | D:10     | Noticed a two-headed ogre
 14268 | D:10     | Noticed an eight-headed hydra
 14276 | D:10     | Killed an eight-headed hydra
 14277 | D:10     | Reached skill level 10 in Earth Magic
 14489 | D:10     | Killed a two-headed ogre
 14792 | D:10     | Noticed Sonja
 14800 | D:10     | Killed Sonja
 14801 | D:10     | Reached skill level 10 in Fighting
 14944 | D:10     | Noticed Nergalle
 14945 | D:10     | Noticed a deep elf pyromancer
 14960 | D:10     | Killed a deep elf pyromancer
 15278 | D:10     | Killed Nergalle
 15279 | D:10     | Reached skill level 10 in Spellcasting
 15279 | D:10     | Reached skill level 10 in Conjurations
 15779 | D:10     | Found a staircase to the Orcish Mines.
 16211 | Orc:1    | Entered Level 1 of the Orcish Mines
 16313 | Orc:1    | Noticed Ciata's ghost (journeyman MiBe)
 16318 | Orc:1    | Reached ***** piety under Vehumet
 16319 | Orc:1    | Offered knowledge of Lee's Rapid Deconstruction by Vehumet.
 16399 | Orc:1    | Found a runed translucent door.
 16406 | Orc:1    | Learned a level 5 spell: Lee's Rapid Deconstruction
 16511 | Orc:2    | Entered Level 2 of the Orcish Mines
 16645 | Orc:2    | Noticed an orc knight
 16807 | Orc:2    | Killed an orc knight
 16845 | Orc:2    | Reached XP level 12. HP: 51/78 MP: 13/26
 17426 | Orc:2    | Found a staircase to the Elven Halls.
 17697 | Orc:2    | Noticed an orc high priest
 18019 | Orc:2    | Noticed a soul eater
 18019 | Orc:2    | Killed an orc high priest
 18729 | Orc:1    | HP: 4/80 [deep elf pyromancer/bolt of fire (7)]
 18730 | Orc:1    | Slain by a fire elemental

Illustrated notes

Levels and vault maps discovered:
D:1:      tarquinn_simple_flora_water_f, layout_basic, glass_columns_b
D:2:      minmay_skewed_foursquare, layout_basic, shapermc_ecumenical_altar_gd
D:3:      layout_basic, nicolae_uskayaw_dance_hall, uniq_crazy_yiuf_cottage
D:4:      layout_loops_corners, chequers_temple_overflow_minitemple,
          uniq_duvessa, uniq_ijyb, uniq_edmund, uniq_grinder
D:5:      layout_loops_ring, uniq_eustachio
D:6:      layout_loops_ring, minmay_temple_entry_proselytizer, serial_shops,
          shop, portal_sewer_entry_a, enter_ossuary_5, serial_bayou_pond_e
D:7:      layout_layer_cave, nicolae_sif_muna_little_library, lemuel_tele_altar,
          minmay_fractal_squares_5, uniq_maggie
D:8:      layout_loops_ring, uniq_psyche, uniq_gastronok, uniq_grum
D:9:      layout_loops_corners, serial_shops, shop, shop
D:10:     layout_rooms, erik_lair_orcish_takeover, erik_orc_1, uniq_nergalle,
          uniq_sonja
Orc:1:    cheibrodos_orc_bank, layout_caves, basic_altar,
          hellmonk_ghost_happy_afterlife, elf_legates
Orc:2:    st_orc_congregation, layout_caves, nicolae_orc_lava_room

Skill      XL: |  1  2  3  4  5  6  7  8  9 10 11 12 |
---------------+-------------------------------------+-----
Transmutations | 1 |  1.0
Fighting       | 1 3 4 5 7 8 9 10 11 | 11.0
Earth Magic    | 4 5 6 8 9 10 | 10.0
Dodging        | 2 |  2.0
Spellcasting   | 3 4 6 8 10 | 10.7
Conjurations   | 5 8 10 11 | 11.1
Stealth        | |  2.1

Action                   |  1- 3 |  4- 6 |  7- 9 | 10-12 || total
-------------------------+-------+-------+-------+-------++-------
Melee: Unarmed           |    12 |       |       |       ||    12
       Short sword       |   108 |    37 |       |       ||   145
       Long sword        |       |    15 |   215 |   137 ||   367
       Punch             |       |     1 |     5 |     2 ||     8
 Cast: Sandblast         |     9 |    24 |    95 |    35 ||   163
       Stone Arrow       |       |       |       |   234 ||   234
       Lee's Rapid Decon |       |       |       |    15 ||    15
  Use: Scroll            |       |       |    12 |     9 ||    21
       Potion            |       |       |       |     5 ||     5
 Stab: Sleeping          |     7 |     4 |     6 |       ||    17
Armor: Robe              |    41 |    22 |   129 |   133 ||   325
Dodge: Dodged            |    74 |    33 |   207 |   190 ||   504
